 Dungeon Crawl Stone Soup version 0.24-a0-736-g4e6fe308c7 (webtiles) character file.

Game seed: 11518863194911228153, levelgen mode: deterministic

583 RedPan the Spear-Bearer (level 7, -7/51 HPs)
             Began as a Merfolk Gladiator on Oct 2, 2019.
             Mangled by Pikel
             ... wielding a +1 whip of electrocution
              (18 damage)
             ... on level 3 of the Dungeon.
             The game lasted 00:11:18 (4490 turns).

RedPan the Spear-Bearer (Merfolk Gladiator)         Turns: 4490, Time: 00:11:18

Health: -7/51      AC: 12    Str: 16    XL:     7   Next: 37%
Magic:  7/7        EV:  8    Int:  8    God:
Gold:   210        SH:  0    Dex: 15    Spells: 6/6 levels left

rFire    . . .     SeeInvis .   a - +0 trident
rCold    . . .     Gourm    +   (no shield)
rNeg     . . .     Faith    .   h - +0 chain mail (curse)
rPois    .         Spirit   .   c - +0 helmet
rElec    .         Reflect  .   (no cloak)
rCorr    .         Harm     .   (no gloves)
MR       .....                  o - +2 pair of boots
Stlth    ..........             r - amulet of the gourmand
HPRegen  0.17/turn              (no ring)
MPRegen  0.10/turn              (no ring)

@: no status effects
A: change form in water, swift swim, stealthy swim
a: no special abilities


You were on level 3 of the Dungeon.
You were completely stuffed.

You visited 1 branch of the dungeon, and saw 4 of its levels.

You collected 210 gold pieces.

Inventory:

Hand Weapons
 a - a +0 trident (weapon)
 p - a +2 spear of venom
Missiles
 d - 3 throwing nets (quivered)
Armour
 c - a +0 helmet (worn)
 h - a cursed +0 chain mail (worn)
 o - a +2 pair of boots (worn)
Jewellery
 r - an amulet of the gourmand (around neck)
Scrolls
 e - 2 scrolls of blinking
 k - 3 scrolls of remove curse
 m - a scroll of teleportation
 n - a scroll of identify
 q - 3 scrolls of enchant armour
Potions
 g - 4 potions of curing
 i - a potion of flight
 j - 2 potions of agility
 s - a potion of berserk rage {unknown}
Comestibles
 f - 2 rations


   Skills:
 + Level 2.7 Fighting
 + Level 11.1 Polearms
 - Level 2.2 Throwing
 + Level 0.4 Armour
 - Level 4.2 Dodging


You had 6 spell levels left.
You didn't know any spells.
Your spell library was empty.

Dungeon Overview and Level Annotations

Branches:
Dungeon (4/15)
 Temple: D:4-7

Altars:
Elyvilon
Kikubaaqudgha
Sif Muna
The Shining One

Annotations:
D:3 Pikel


Message History

Pikel is moderately wounded.
Pikel hits you but does no damage.
You barely miss Pikel.
Pikel is moderately wounded.
You hit Pikel but do no damage.
Pikel is moderately wounded.
Pikel hits you but does no damage.
You are electrocuted!
You hit Pikel.
Pikel is moderately wounded.
Pikel hits you but does no damage.
You are electrocuted!!
* * * LOW HITPOINT WARNING * * *
You closely miss Pikel.
Pikel is moderately wounded.
Pikel says, "Slavery isn't that bad."
Pikel hits you with a +1 whip of electrocution.
* * * LOW HITPOINT WARNING * * *
You are electrocuted!!
You die...

##.# ...# ...# ####
################ #.......#.......
##################.......#.......
........(.......@Kp...........>..
.......########.##......)........
.......# #........#######........
.......# #.####.#.# #....####
.......# #.#....#.# #####.####
.......# #.#......# #.........
##.##### #.#.#....######.........
##..# #.......................
#<#.## #..._(.....###..........


You could see Pikel and a slave.

Vanquished Creatures
  A slave (D:4)
  A phantom (D:4)
  2 ogres (D:4)
  A crimson imp (D:3)
  A hound (D:4)
  2 orc wizards (D:4)
  An iguana (D:4)
  A worker ant (D:4)
  8 adders
  2 dart slugs
  3 worms (D:2)
  2 leopard geckos
  9 orcs
  7 bats
  A giant cockroach (D:4)
  8 goblins
  2 hobgoblins (D:1)
  3 quokkas
  2 ball pythons (D:3)
  2 frilled lizards (D:3)
  5 kobolds
  11 rats
75 creatures vanquished.

Notes
Turn   | Place    | Note
-------+----------+-------------------------------------------
     0 | D:1      | RedPan the Merfolk Gladiator began the quest for the Orb.
     0 | D:1      | Reached XP level 1. HP: 16/16 MP: 1/1
   252 | D:1      | Reached XP level 2. HP: 23/23 MP: 2/2
   832 | D:2      | Reached skill level 5 in Polearms
   945 | D:2      | Reached XP level 3. HP: 26/28 MP: 3/3
  1009 | D:2      | You fall into a shaft and drop 2 floors!
  1174 | D:3      | Reached skill level 6 in Polearms
  1367 | D:4      | Noticed a slave
  1424 | D:3      | Reached XP level 4. HP: 34/34 MP: 4/4
  1562 | D:3      | Reached skill level 7 in Polearms
  1570 | D:3      | Found an ancient bone altar of Kikubaaqudgha.
  1571 | D:3      | Found a glowing golden altar of the Shining One.
  1571 | D:3      | Found a shimmering blue altar of Sif Muna.
  1584 | D:3      | Reached XP level 5. HP: 39/39 MP: 5/5
  1749 | D:4      | Noticed a slave
  1820 | D:4      | Noticed Pikel
  1972 | D:4      | Noticed a slave
  1979 | D:4      | Reached skill level 8 in Polearms
  2005 | D:4      | Noticed a phantom
  2008 | D:4      | Killed a slave
  2022 | D:4      | Killed a phantom
  2022 | D:4      | Reached skill level 9 in Polearms
  2022 | D:4      | Reached XP level 6. HP: 4/46 MP: 6/6
  2414 | D:4      | Reached skill level 10 in Polearms
  2428 | D:4      | Reached XP level 7. HP: 9/51 MP: 7/7
  3405 | D:2      | Reached skill level 11 in Polearms
  3982 | D:4      | Found a white marble altar of Elyvilon.
  4490 | D:3      | Mangled by Pikel

Levels and vault maps discovered:
D:1:      dpeg_arrival_central, layout_basic
D:2:      layout_loops_corners
D:3:      layout_basic, grunt_temple_overflow_open, corexii_leaking_fountain
D:4:      layout_loops_ring, elyvilon_altar_3, nicolae_overflow_hidden_temple,
          first_ration, portal_sewer_entry_e, chequers_serial_rivers_micro_b,
          hangedman_abyss_or_decor_lesser_grid, grunt_decor_fettered, uniq_pikel

Skill      XL: |  1  2  3  4  5  6  7 |
---------------+----------------------+-----
Polearms       | 5 6 7 9 10 11 | 11.1
Fighting       | |  2.7
Throwing       | |  2.2
Armour         | |  0.4
Dodging        | |  4.2

Action                   |  1- 3 |  4- 6 |  7- 9 || total
-------------------------+-------+-------+-------++-------
Melee: Trident           |   101 |   113 |   141 ||   355
       Tailslap          |       |       |     2 ||     2
  Use: Scroll            |     2 |       |     4 ||     6
       Potion            |       |     4 |       ||     4
 Stab: Sleeping          |     1 |       |       ||     1
  Eat: Chunk             |     2 |     1 |    17 ||    20
       Ration            |       |       |     1 ||     1
Armor: Leather armour    |    16 |     8 |       ||    24
       Chain mail        |       |       |    48 ||    48
Dodge: Dodged            |    69 |    58 |    23 ||   150

Table legend:
 A = Non-vault XP
 B = Vault XP
 C = Vault XP percentage of total XP
 D = Non-vault monster count
 E = Vault monster count
 F = Vault count percentage of total count
                 A         B        C        D         E       F
            +---------+---------+-------+---------+---------+-------
      Total |     833 |       0 |   0.0 |      74 |       0 |   0.0
            +---------+---------+-------+---------+---------+-------
        D:1 |      20 |       0 |   0.0 |      12 |       0 |   0.0
        D:2 |      74 |       0 |   0.0 |      18 |       0 |   0.0
        D:3 |     102 |       0 |   0.0 |      21 |       0 |   0.0
        D:4 |     637 |       0 |   0.0 |      23 |       0 |   0.0
            +---------+---------+-------+---------+---------+-------
